 Dungeon Crawl Stone Soup version 0.18.1-5-g4a78601 (webtiles) character file.

9618 PossumBlood the Severer (level 11, -4/104 HPs)
             Began as a Minotaur Fighter on May 9, 2016.
             Was an Elder of Okawaru.
             Killed from afar by an electric eel (9 damage)
             ... with a bolt of electricity
             ... on level 11 of the Dungeon.
             The game lasted 00:23:37 (11460 turns).

PossumBlood the Severer (Minotaur Fighter)         Turns: 11460, Time: 00:23:38

Health: -4/104     AC: 11    Str: 27    XL:     11   Next: 25%
Magic:  10/10      EV:  8    Int:  5    God:    Okawaru [****..]
Gold:   491        SH: 10    Dex: 12    Spells: 0 memorised, 10 levels left

rFire  . . .     SeeInvis +     a - +1 war axe
rCold  . . .     Gourm    .     g - +1 ring mail of Cithumirgh {+Inv Str+3}
rNeg   . . .     Faith    +     c - +0 shield
rPois  .         Spirit   .     (helmet restricted)
rElec  .         Dismiss  .     u - +1 cloak
rCorr  .         Reflect  .     H - +0 pair of gloves
SustAt .         Harm     .     N - +0 pair of boots
MR     .....                    B - amulet of faith
Stlth  +.........               j - +2 ring of dexterity
                                m - ring of see invisible

@: very slightly contaminated, hasted, very quick, not resistant to hostile
enchantments, very unstealthy
A: retaliatory headbutt, horns 2
a: Heroism, Renounce Religion, Evoke Invisibility


You were on level 11 of the Dungeon.
You worshipped Okawaru.
Okawaru was greatly pleased with you.
You were not hungry.

You visited 2 branches of the dungeon, and saw 12 of its levels.
You also visited: Sewer.

You collected 599 gold pieces.
You spent 108 gold pieces at shops.

Inventory:

Hand Weapons
 a - a +1 war axe (weapon)
 b - a +0 shortbow
 t - a +2 quarterstaff of chaos
 v - a +1 mace of holy wrath
 G - a +1 long sword of slicing
 Q - a cursed +0 battleaxe
 R - a +2 falchion
Missiles
 V - 37 arrows
Armour
 c - a +0 shield (worn)
 g - the +1 ring mail of Cithumirgh (worn) {+Inv Str+3}
   (You found it on level 10 of the Dungeon)

   It affects your strength (+3).
   It lets you turn invisible.
 u - a +1 cloak (worn)
 H - a +0 pair of gloves (worn)
 L - a +1 plate armour
 N - a +0 pair of boots (worn)
Jewellery
 j - a +2 ring of dexterity (right hand)
 m - a ring of see invisible (left hand)
 B - an amulet of faith (around neck)
Wands
 d - a wand of flame (7/48)
 F - a wand of heal wounds (6/9)
 Y - a wand of flame (11/48)
Scrolls
 e - 3 scrolls of remove curse
 i - 2 scrolls of recharging
 k - 3 scrolls of blinking
 z - 2 scrolls of fear
 D - a scroll of teleportation
 E - 2 scrolls of fog
 I - a scroll of summoning {unknown}
 J - 2 scrolls of magic mapping
 W - 2 scrolls of amnesia
Potions
 o - a potion of magic {unknown}
 p - 2 potions of agility
 r - 3 potions of flight
 s - a potion of mutation {unknown}
 w - 2 potions of brilliance
 x - 2 potions of haste
 A - a potion of cancellation {unknown}
 K - a potion of lignification {unknown}
 S - a potion of might
 T - a potion of invisibility {unknown}
Books
 l - the Almanac of Axaxaxas mlö
   (You found it on level 10 of the Dungeon)

   Spells                             Type                      Level
   a - Vampiric Draining              Necromancy                   3
   b - Metabolic Englaciation         Hexes/Ice                    5
 n - Sif Muna's Catalogue of Sand
   (You found it on level 10 of the Dungeon)

   Spells                             Type                      Level
   a - Summon Guardian Golem          Hexes/Summoning              3
   b - Silence                        Hexes/Air                    5
 q - the Grimoire of Combed Thunderclap
   (You found it on level 10 of the Dungeon)

   Spells                             Type                      Level
   a - Silence                        Hexes/Air                    5
   b - Tornado                        Air                          9
Comestibles
 f - 10 bread rations
 h - 9 meat rations


   Skills:
 + Level 12.1 Fighting
 - Level 16.5 Axes
 - Level 3.6 Armour
 - Level 3.6 Shields


You had 10 spell levels left.
You didn't know any spells.

Dungeon Overview and Level Annotations

Branches:
Dungeon (11/15)            Temple (1/1) D:5            Lair (0/8) D:8
    Orc: D:9-12

Altars:
Ashenzari
Cheibriados
Dithmenos
Elyvilon
Fedhas
Gozag
Kikubaaqudgha
Makhleb
Nemelex Xobeh
Okawaru
Pakellas
Qazlal
Ru
Sif Muna
Trog
Vehumet
Xom
Yredelemnul
Zin
The Shining One

Shops:
D:6 [


Innate Abilities, Weirdness & Mutations

You reflexively headbutt those who attack you in melee.
You have a pair of horns on your head.


Message History

You are too injured to fight recklessly!
You are too injured to fight recklessly!
You are too injured to fight recklessly!
You are too injured to fight recklessly!
You are too injured to fight recklessly!
You are too injured to fight recklessly!
Drink which item? (? for menu, Esc to quit)
Okay, then.
The electric eel shoots out a bolt of lightning at you!
The bolt of electricity hits you!
* * * LOW HITPOINT WARNING * * *
Items here: ( ))) †††† The electric eel shoots out a bolt of lightning at you!
The bolt of electricity hits you!
* * * LOW HITPOINT WARNING * * *
The bolt of electricity hits you!
* * * LOW HITPOINT WARNING * * *
The electric eel shoots out a bolt of lightning at you!
The bolt of electricity hits you!
You die...

..# # .. #≈
####.######.# #≈≈≈
.....#..$.#.##≈≈≈≈
...........≈≈≈≈≈
#...#....≈≈≈≈≈
####..@#....≈≈≈≈≈
.............≈≈≈≈≈
♣♣###....)#..≈≈≈≈≈
♣<.(.†()<..;≈≈≈≈
≈≈♣....###.#≈≈≈≈≈
≈≈≈≈♣.... ...≈≈≈≈
≈≈≈≈♣##.. .#.#≈≈≈
≈≈ ... ...# ≈ P.
.# #


You could see an electric eel.

Vanquished Creatures
  A centaur warrior (D:11)
  Pikel (D:8)
  A deep elf mage (D:10)
  A wizard (D:10)
  A cyclops (D:10)
  Joseph (D:8)
  2 trolls
  2 two-headed ogres
  Prince Ribbit (D:7)
  A spriggan (D:7)
  The ghost of kirsanium the Skirmisher, an amateur MiFi (Sewer)
  6 yaks (D:10)
  A hungry ghost (D:8)
  A hippogriff (D:8)
  Edmund (D:4)
  2 hell hounds (D:8)
  2 orc warriors (D:9)
  A sky beast (D:8)
  A slave (D:8)
  2 ice beasts (D:9)
  A phantom (D:8)
  2 black bears
  A wasp (D:10)
  3 ogres
  A necrophage (D:10)
  5 centaurs
  2 big kobolds
  3 giant frogs
  A water moccasin skeleton (D:8)
  4 killer bees (D:11)
  5 scorpions
  7 wights
  3 howler monkeys
  2 crimson imps (D:6)
  A giant frog zombie (D:5)
  A centaur skeleton (D:8)
  5 hounds
  A jelly (D:11)
  Crazy Yiuf (D:3)
  2 centaur zombies
  4 orc priests
  9 orc wizards
  4 iguanas
  4 worker ants
  A hound skeleton (D:9)
  A howler monkey zombie (D:7)
  A worker ant zombie (D:7)
  10 adders
  5 gnolls
  A howler monkey skeleton (D:7)
  A shadow imp (D:10)
  An ooze (Sewer)
  An adder zombie (D:6)
  2 worms
  2 dart slugs
  7 giant geckos
  29 orcs
  6 giant cockroaches
  6 goblins
  13 hobgoblins
  10 jackals
  5 quokkas
  5 ball pythons
  6 bats
  10 giant newts
  A jackal skeleton (D:6)
  19 kobolds
  A quokka zombie (D:5)
  8 rats
254 creatures vanquished.

Vanquished Creatures (others)
  A hound (D:8)
1 creature vanquished.

Grand Total: 255 creatures vanquished

Notes
Turn   | Place    | Note
--------------------------------------------------------------
     0 | D:1      | PossumBlood the Minotaur Fighter began the quest for the Orb.
     0 | D:1      | Reached XP level 1. HP: 19/19 MP: 0/0
   114 | D:1      | Reached skill level 3 in Axes
   206 | D:1      | Reached XP level 2. HP: 21/26 MP: 1/1
   234 | D:1      | HP: 1/26 [hobgoblin/club (5)]
   550 | D:1      | Reached skill level 4 in Axes
   746 | D:1      | Reached XP level 3. HP: 18/31 MP: 2/2
  1374 | D:2      | Reached skill level 5 in Axes
  1451 | D:2      | Reached XP level 4. HP: 34/39 MP: 3/3
  1974 | D:3      | Reached skill level 6 in Axes
  2348 | D:3      | Reached XP level 5. HP: 38/45 MP: 4/4
  2424 | D:3      | Noticed Crazy Yiuf
  2434 | D:3      | Killed Crazy Yiuf
  2735 | D:3      | Reached skill level 7 in Axes
  2992 | D:4      | Noticed Edmund
  3007 | D:4      | Killed Edmund
  3007 | D:4      | Reached skill level 8 in Axes
  3007 | D:4      | Reached XP level 6. HP: 37/51 MP: 5/5
  3186 | D:4      | Found a glowing drain.
  3216 | Sewer    | Entered a sewer
  3293 | Sewer    | Noticed kirsanium's ghost (amateur MiFi)
  3319 | Sewer    | Killed kirsanium's ghost
  3319 | Sewer    | Reached skill level 9 in Axes
  3319 | Sewer    | Reached XP level 7. HP: 16/57 MP: 6/6
  4162 | D:5      | Entered Level 5 of the Dungeon
  4521 | D:5      | Reached skill level 10 in Axes
  4544 | D:5      | Found a staircase to the Ecumenical Temple.
  4553 | Temple   | Entered the Ecumenical Temple
  5506 | D:6      | Reached skill level 11 in Axes
  5510 | D:6      | Reached XP level 8. HP: 27/64 MP: 7/7
  5970 | D:6      | Found Mituontu's Antique Armour Boutique.
  5980 | D:6      | Reached skill level 12 in Axes
  5991 | D:6      | Bought a pair of gloves for 108 gold pieces
  6274 | D:6      | Found a basalt altar of Yredelemnul.
  6557 | D:7      | Noticed Prince Ribbit
  6591 | D:7      | Killed Prince Ribbit
  6591 | D:7      | Reached skill level 13 in Axes
  6839 | D:7      | Found a burning altar of Makhleb.
  7209 | D:8      | Reached XP level 9. HP: 61/70 MP: 8/8
  7251 | D:8      | Noticed Joseph
  7268 | D:8      | Killed Joseph
  7268 | D:8      | Reached skill level 14 in Axes
  7548 | D:8      | Reached skill level 15 in Axes
  7766 | D:8      | Found a staircase to the Lair.
  7790 | D:8      | Noticed Pikel
  7804 | D:8      | Killed Pikel
  7804 | D:8      | Reached skill level 16 in Axes
  8271 | D:8      | Reached XP level 10. HP: 77/77 MP: 9/9
  8996 | D:9      | Found a radiant altar of Vehumet.
  8999 | D:9      | Found a sacrificial altar of Ru.
  8999 | D:9      | Found an ancient bone altar of Kikubaaqudgha.
  8999 | D:9      | Found an iron altar of Okawaru.
  9035 | D:9      | Became a worshipper of Warmaster Okawaru
  9169 | D:9      | Reached skill level 5 in Fighting
  9221 | D:9      | Found an opulent altar of Gozag.
  9756 | D:10     | Entered Level 10 of the Dungeon
 10056 | D:10     | Reached * piety under Okawaru
 10127 | D:10     | Got a spiked ring mail
 10188 | D:10     | Identified the cursed +1 ring mail of Cithumirgh {+Inv Str+3} (You found it on level 10 of the Dungeon)
 10290 | D:10     | Noticed a deep elf mage
 10291 | D:10     | Noticed a deep elf mage
 10296 | D:10     | Killed a deep elf mage
 10297 | D:10     | Noticed a deep elf mage
 10481 | D:10     | Identified the Almanac of Axaxaxas mlö
 10486 | D:10     | Noticed a wizard
 10488 | D:10     | Identified Sif Muna's Catalogue of Sand (You found it on level 10 of the Dungeon)
 10496 | D:10     | Killed a wizard
 10496 | D:10     | Reached ** piety under Okawaru
 10671 | D:10     | Noticed a cyclops
 10685 | D:10     | Killed a cyclops
 10957 | D:10     | Identified the Grimoire of Combed Thunderclap
 11006 | D:10     | Reached skill level 10 in Fighting
 11074 | D:10     | Reached *** piety under Okawaru
 11079 | D:10     | Reached XP level 11. HP: 51/101 MP: 10/10
 11428 | D:11     | Noticed a centaur warrior
 11434 | D:11     | Killed a centaur warrior
 11449 | D:11     | Reached **** piety under Okawaru
 11458 | D:11     | HP: 4/104 [electric eel/bolt of electricity (7)]
 11460 | D:11     | Killed from afar by an electric eel

Skill      XL: |  1  2  3  4  5  6  7  8  9 10 11 |
---------------+----------------------------------+-----
Axes           | 3 4 5 6 8 9 11 13 16 | 16.5
Fighting       | 10 12 | 12.1
Armour         | |  3.6
Shields        | |  3.6

Action                   |  1- 3 |  4- 6 |  7- 9 | 10-12 || total
-------------------------+-------+-------+-------+-------++-------
Melee: War axe           |    92 |   176 |   282 |   238 ||   788
       Headbutt          |    13 |    21 |    67 |    60 ||   161
Invok: Heroism           |       |       |       |     1 ||     1
  Use: Scroll            |       |     9 |    11 |     6 ||    26
       Potion            |       |     3 |     4 |     6 ||    13
  Eat: Pizza             |     1 |       |     1 |       ||     2
       Meat ration       |       |     1 |       |       ||     1
       Beef jerky        |       |     1 |     1 |     1 ||     3
       Bread ration      |       |       |     3 |     1 ||     4
       Royal jelly       |       |       |     1 |     2 ||     3
       Fruit             |       |       |       |     4 ||     4
Armor: Scale mail        |    26 |    64 |    45 |       ||   135
       Plate armour      |       |       |    91 |    52 ||   143
       Ring mail         |       |       |       |    33 ||    33
Dodge: Dodged            |    33 |    50 |    76 |    51 ||   210
Block: Shield            |    45 |    74 |   145 |   110 ||   374
